 Dungeon Crawl Stone Soup version 0.26-a0-835-g8259106 (webtiles) character file.

Game seed: 14258811764033417048

1456138 Grijm the Conqueror (level 27, 273/273 HPs)
             Began as a Hill Orc Artificer on Nov 16, 2020.
             Was a Priest of Beogh.
             Escaped with the Orb
             ... and 3 runes!
             The game lasted 06:22:06 (101335 turns).

Grijm the Conqueror (Hill Orc Artificer)          Turns: 101335, Time: 06:22:06

Health: 273/273    AC: 48    Str: 28    XL:     27
Magic:  40/40      EV: 10    Int: 13    God:    Beogh [***...]
Gold:   5231       SH: 32    Dex: 11    Spells: 26/26 levels left

rFire    + . .     SeeInvis +   L - +9 broad axe (spect)
rCold    + + .     Faith    +   W - +18 shield of the Gong {rElec rN+ MR+ EV-5}
rNeg     + + +     Spirit   +   F - +10 plate armour {rC+}
rPois    +         Reflect  .   q - +2 hat of the Bear Spirit {Spirit, +Rage rN+ MR++}
rElec    +         Harm     .   J - +2 cloak
rCorr    .         Rampage  .   H - +2 pair of gloves
MR       +++++                  K - +2 pair of boots {run}
Stlth    ..........             m - amulet of faith
HPRegen  0.95/turn              r - ring of see invisible
MPRegen  0.27/turn              s - ring "Osasar" {rF+ rC+ rN+ Stlth-}

@: quick
A: icy blue scales 1, clever 1, poison resistance, regeneration 1
0: Orb of Zot
}: 3/15 runes: serpentine, barnacled, silver
a: Smiting, Renounce Religion, Evoke Berserk Rage


You escaped.
You worshipped Beogh.
Beogh was most pleased with you.
You visited 9 branches of the dungeon, and saw 49 of its levels.
You visited the Abyss 1 time.
You also visited: Bailey, Ice Cave, Volcano and Wizlab.

You collected 14283 gold pieces.
You spent 9052 gold pieces at shops.

Inventory:

Hand Weapons
 f - a +2 triple crossbow of freezing
 j - a +3 demon trident of draining
 L - a +9 spectral broad axe (weapon)
 Y - a +9 antimagic broad axe
Missiles
 k - 8 throwing nets (quivered)
 P - 13 curare-tipped darts
Armour
 q - the +2 hat of the Bear Spirit (worn) {Spirit, +Rage rN+ MR++}
   (You found it on level 3 of the Elven Halls)

   It protects you from negative energy.
   It affects your resistance to hostile enchantments.
   It lets you go berserk.
 F - a +10 plate armour of cold resistance (worn)
 H - a +2 pair of gloves (worn)
 J - a +2 cloak (worn)
 K - a +2 pair of boots of running (worn)
 S - the +6 plate armour of the Falcon {rC+ Int+4}
   (You found it on level 5 of the Vaults)

   It affects your intelligence (+4).
   It protects you from cold.
 T - the +0 helmet of Hiesiogu {rPois rF+ rC+ Str+2}
   (You found it on level 5 of the Lair of Beasts)

   It affects your strength (+2).
   It protects you from fire.
   It protects you from cold.
   It protects you from poison.
 W - the +18 shield of the Gong (worn) {rElec rN+ MR+ EV-5}
   (You found it on level 13 of the Dungeon)

   It affects your evasion (-5).
   It insulates you from electricity.
   It protects you from negative energy.
   It affects your resistance to hostile enchantments.
Jewellery
 m - an amulet of faith (around neck)
 r - a ring of see invisible (left hand)
 s - the ring "Osasar" (right hand) {rF+ rC+ rN+ Stlth-}
   (You took it off a deep elf death mage on level 3 of the Elven Halls)

   [ring of attention]

   It protects you from fire.
   It protects you from cold.
   It protects you from negative energy.
   It makes you less stealthy.
 y - an uncursed ring of poison resistance
Wands
 b - a wand of polymorph (7)
 i - a wand of iceblast (61)
 E - a wand of digging (6)
 G - a wand of acid (42)
Scrolls
 a - 4 scrolls of silence
 d - 2 scrolls of torment
 e - 9 scrolls of fog
 h - 17 scrolls of teleportation
 w - 4 scrolls of immolation
 A - 24 scrolls of remove curse
 D - 2 scrolls of enchant armour
 O - 10 scrolls of blinking
 R - 9 scrolls of summoning
 U - 4 scrolls of holy word
 X - 6 scrolls of fear
 Z - 15 scrolls of identify
Potions
 c - 25 potions of curing
 g - 30 potions of mutation
 o - 5 potions of cancellation
 p - 13 potions of might
 t - 12 potions of lignification
 u - 6 potions of attraction
 v - a potion of ambrosia
 x - 3 potions of resistance
 z - 9 potions of heal wounds
 C - 7 potions of flight
 M - 3 potions of magic
 N - 3 potions of invisibility
 Q - 6 potions of berserk rage
Miscellaneous
 n - a phial of floods
 B - a phantom mirror (inert)
 I - a condenser vane
 V - a box of beasts


   Skills:
 O Level 27 Fighting
 - Level 18.0 Axes
 O Level 27 Armour
 + Level 13.1 Dodging
 - Level 0.7 Stealth
 - Level 15.0 Shields
 O Level 27 Invocations
 - Level 5.0 Evocations


You had 26 spell levels left.
You didn't know any spells.
Your spell library contained the following spells:

 Spells                   Type           Power        Failure   Level
 Beastly Appendage        Tmut           #.....       65%         1
 Foxfire                  Conj/Fire      #...         65%         1
 Freeze                   Ice            #...         65%         1
 Magic Dart               Conj           #...         65%         1
 Pain                     Necr           #...         65%         1
 Sandblast                Erth           #.....       65%         1
 Sting                    Tmut/Pois      #...         65%         1
 Summon Small Mammal      Summ           #...         65%         1
 Blink                    Tloc           N/A          80%         2
 Call Imp                 Summ           #.......     80%         2
 Passwall                 Tmut/Erth      #.......     80%         2
 Poisonous Vapours        Pois/Air       #.....       80%         2
 Searing Ray              Conj           #.....       80%         2
 Sublimation of Blood     Necr           #.........   80%         2
 Call Canine Familiar     Summ           #.......     95%         3
 Dazzling Flash           Conj/Hex       #.....       95%         3
 Frozen Ramparts          Ice            #.....       95%         3
 Gell's Gravitas          Tloc           #.........   95%         3
 Ignite Poison            Fire/Tmut/Pois #.......     95%         3
 Lesser Beckoning         Tloc           #.........   95%         3
 Mephitic Cloud           Conj/Pois/Air  #.......     95%         3
 Ozocubu's Armour         Ice            #.......     95%         3
 Spider Form              Tmut/Pois      #.........   95%         3
 Static Discharge         Conj/Air       #.......     95%         3
 Stone Arrow              Conj/Erth      #.....       95%         3
 Summon Guardian Golem    Hex/Summ       #.......     95%         3
 Teleport Other           Tloc           #.......     95%         3
 Cause Fear               Hex            #.........   100%        4
 Fulminant Prism          Conj/Hex       #.........   100%        4
 Hailstorm                Conj/Ice       #.......     100%        4
 Ice Form                 Ice/Tmut       #.......     100%        4
 Iskenderun's Mystic Bla  Conj/Tloc      #.......     100%        4
 Leda's Liquefaction      Hex/Erth       #.........   100%        4
 Olgreb's Toxic Radiance  Pois           #.......     100%        4
 Passage of Golubria      Tloc           N/A          100%        4
 Petrify                  Tmut/Erth      #.......     100%        4
 Summon Ice Beast         Ice/Summ       #.......     100%        4
 Summon Lightning Spire   Summ/Air       #.......     100%        4
 Agony                    Necr           #.......     100%        5
 Alistair's Intoxication  Tmut/Pois      #........    100%        5
 Bolt of Magma            Conj/Fire/Erth #.........   100%        5
 Borgnjor's Vile Clutch   Necr/Erth      #.........   100%        5
 Fireball                 Conj/Fire      #.........   100%        5
 Irradiate                Conj/Tmut      #.........   100%        5
 Lee's Rapid Deconstruct  Erth           #.........   100%        5
 Lightning Bolt           Conj/Air       #.........   100%        5
 Silence                  Hex/Air        #.........   100%        5
 Yara's Violent Unravell  Hex/Tmut       #.........   100%        5
 Death Channel            Necr           #.........   100%        6
 Eringya's Noxious Bog    Tmut/Pois      #.........   100%        6
 Hydra Form               Tmut           #.........   100%        6
 Iron Shot                Conj/Erth      #.........   100%        6
 Starburst                Conj/Fire      #.........   100%        6
 Statue Form              Tmut/Erth      #........    100%        6
 Dragon Form              Tmut           #.........   100%        7
 Haunt                    Necr/Summ      #.........   100%        7
 Borgnjor's Revivificati  Necr           #.........   100%        8
 Discord                  Hex            #.........   100%        8
 Ignition                 Fire           #.........   100%        8
 Infestation              Necr           #.........   100%        8
 Necromutation            Tmut/Necr      #.........   100%        8
 Death's Door             Necr           #.........   100%        9
 Shatter                  Erth           #.........   100%        9
 Tornado                  Air            #.........   100%        9


Dungeon Overview and Level Annotations

Branches:
Dungeon (15/15)            Temple (0/1) D:5            Lair (6/6) D:9
 Shoals (4/4) Lair:3        Snake (4/4) Lair:3        Slime (0/5) Lair:6
    Orc (2/2) D:12            Elf (3/3) Orc:2        Vaults (5/5) D:14
  Crypt (0/3) Vaults:3     Depths (5/5) D:15            Zot (5/5) Depths:5
 Bailey (visited)           IceCv (visited)         Volcano (visited)
 WizLab (visited)

Altars:
Elyvilon
Fedhas
Gozag
Hepliaklqana
Kikubaaqudgha
Makhleb
Trog
Vehumet
Xom
Zin
Beogh
Jiyva

Shops:
D:6 =   Orc:1 !   Orc:2 ?=(*[   Elf:1 ((   Snake:2 }==   Snake:3 [[(*
Vaults:2 *   Vaults:5 ?!!   Depths:4 [*

Portals:
Hell: Depths:1 Depths:2 Depths:3 Depths:4 Depths:5
Abyss: Depths:4 Depths:5
Pandemonium: Depths:3
Ziggurat: Depths:4
Trove: D:11 (give horn of Geryon)

Annotations:
Depths:1 3 runed translucent doors, Dinuiq Eptyr's ghost, adept HaBr


Innate Abilities, Weirdness & Mutations

You are partially covered in icy blue scales. (AC +2)
Your mind is acute. (Int +2)
Your system is resistant to poisons. (rPois)
Your natural rate of healing is unusually fast.


Message History

You feel yourself slow down.
You feel a little less mighty now.
There is a stone staircase leading up, spattered with blood here.
Things that are here:
a +0 hand axe; 3 potions of degeneration; 2 scrolls of amnesia You climb upwards.
There is a stone staircase leading down, spattered with blood here.
There is a stone staircase leading up here.
You climb upwards.
There is a stone staircase leading down here.
HP restored.
There is a stone staircase leading down here.
You see here a +0 club.
There is a stone staircase leading up here.
You climb upwards.
There is a stone staircase leading down here.
There is a staircase leading out of the dungeon here.
Things that are here:
a +0 dagger; a kobold skeleton; a goblin skeleton You have escaped!

#(.........#.........##
###...#.#.............#
#.#......#...####...#
#.#.........## ##..#####
#.#....###..# #.......
#####....#......## ##......#
###..........≈≈≈≈..####..≈≈≈≈..
#...#####...≈.≈≈≈≈......§§≈≈≈≈.
#.#.### ##..≈≈@>≈≈......≈≈≈§§≈.
#.....## #..≈≈≈≈≈≈......§≈≈§≈≈§
#.###..###...≈≈≈≈....#...≈§≈§.§
#)#.#..............#..........#
#.##.##..#........##.#.....##.#
#...#.#....####........###....#
##..##.##..####.##...### ##.###
##...#.#.....#.###### ####..#
#...##.####.#.# #.....##


There were no monsters in sight!

Vanquished Creatures
  A pandemonium lord (D:4)
  4 orbs of fire (Zot:5)
  Mara (Elf:3)
  4 ancient liches (Zot:5)
  7 Killer Klowns (Zot:5)
  Frederick (Vaults:4)
  6 caustic shrikes (Depths:5)
  2 curse toes (Zot:5)
  7 golden dragons
  the Enchantress (Depths:1)
  A mutant beast (WizLab)
  A bone dragon (Abyss:4)
  An electric golem (Zot:5)
  An iron giant (shapeshifter) (Vaults:5)
  13 tentacled monstrosities
  Jorgrun (Shoals:2)
  A Hell Sentinel (D:14)
  4 liches
  An Ice Fiend (Zot:5)
  23 Orb Guardians (Zot:5)
  2 deep elf blademasters
  4 titans
  A deep elf master archer (Elf:3)
  A kraken (Shoals:3)
  8 quicksilver dragons
  Polyphemus (Shoals:2)
  Gastronok (Orc:1)
  A sphinx (shapeshifter) (Vaults:3)
  7 death cobs
  5 sphinxes
  3 tengu reavers
  2 shadow dragons
  An Executioner (Zot:5)
  9 storm dragons
  A tentacled starspawn (Abyss:3)
  A daeva (D:4)
  Donald (Orc:2)
  10 nagarajas
  6 fire giants
  An orc warlord (Depths:4)
  An iron dragon (Vaults:5)
  6 frost giants
  3 deep elf sorcerers
  2 cacodemons
  A caustic shrike zombie (Depths:3)
  3 draconian knights
  4 vault wardens (Vaults:3)
  A balrug (D:15)
  A draconian shifter (Zot:3)
  2 ghost moths (Zot:5)
  A deep elf elementalist (Elf:3)
  5 ironheart preservers
  3 spriggan defenders
  2 draconian stormcallers
  9 stone giants
  7 draconian annihilators
  27 very ugly things
  3 vampire knights
  7 green draconians
  A war gargoyle (Vaults:4)
  9 deep elf demonologists
  A lorocyproca (D:6)
  A stone giant (shapeshifter) (Depths:3)
  4 white draconians
  7 deep elf annihilators
  15 purple draconians
  6 black draconians
  2 dire elephants
  6 red draconians
  7 spark wasps
  4 yellow draconians
  Snorg (Lair:5)
  12 ettins
  6 merfolk javelineers
  7 deep elf death magi
  2 fire dragons
  9 merfolk impalers
  13 yaktaur captains
  A ragged hierophant (Vaults:4)
  9 ogre magi
  8 deep elf high priests
  A fire dragon (shapeshifter) (WizLab)
  14 vault guards
  A hell beast (Depths:3)
  5 great orbs of eyes
  6 hydras
  8 ice dragons
  6 rakshasas
  3 boulder beetles
  A catoblepas (shapeshifter) (WizLab)
  5 spriggan air magi
  11 naga warriors
  2 merfolk avatars
  3 catoblepae
  2 merfolk aquamancers
  9 anacondas
  19 death yaks
  A satyr (Shoals:3)
  8 centaur warriors
  An alligator snapping turtle (Shoals:3)
  2 death knights (Vaults:3)
  4 deep troll earth magi
  A tengu warrior (D:13)
  11 two-headed ogres
  16 dancing weapons
  7 deep troll shamans
  4 vampire magi
  An orc high priest (Orc:2)
  7 naga sharpshooters
  14 shock serpents
  Sonja (Lair:1)
  22 deep elf knights
  4 sun demons
  3 soul eaters
  2 sixfirhies (Abyss:4)
  A spatial maelstrom (Abyss:4)
  9 hell knights (Depths:2)
  An iron golem (WizLab)
  8 iron trolls
  4 glowing orange brains
  A wretched star (Abyss:3)
  14 large abominations
  32 sea snakes
  An unseen horror (shapeshifter) (WizLab)
  A death drake (shapeshifter) (WizLab)
  A cherub (D:11)
  17 deep trolls
  A flayed ghost (Vaults:3)
  A shadow wraith (Vaults:2)
  6 wizards
  2 swamp dragons (shapeshifter) (WizLab)
  A swamp dragon (Abyss:3)
  7 naga ritualists
  Pikel (D:6)
  4 phantasmal warriors
  3 unseen horrors
  7 ironbrand convokers
  A wolf spider zombie (Abyss:4)
  3 lindwurms (shapeshifter) (WizLab)
  9 deep elf archers
  A lindwurm (Depths:3)
  6 orc knights
  27 harpies
  5 necromancers
  13 mana vipers
  18 moths of wrath
  3 orc sorcerers
  2 mana vipers (shapeshifter)
  6 wolf spiders
  A faun (shapeshifter) (Vaults:5)
  13 cyclopes
  A manticore (shapeshifter) (Depths:3)
  36 ugly things
  41 deep elf magi
  18 manticores
  19 fauns
  2 salamanders (shapeshifter)
  10 salamanders
  A worldbinder (Abyss:4)
  28 black mambas
  3 ice statues (IceCv)
  13 elephants
  A centaur zombie (D:10)
  A torpor snail (shapeshifter) (WizLab)
  4 water nymphs
  2 smoke demons
  4 torpor snails
  16 guardian serpents
  A frost giant skeleton (Vaults:4)
  5 vault sentinels
  4 rust devils
  19 naga magi
  3 gargoyles
  5 merfolk sirens
  A cane toad (shapeshifter) (WizLab)
  6 cane toads
  2 kobold demonologists
  3 hellions
  A rime drake (shapeshifter) (Vaults:1)
  A yaktaur (shapeshifter) (Vaults:3)
  A freezing wraith (Vaults:3)
  2 komodo dragons
  31 yaktaurs
  A komodo dragon (shapeshifter) (Vaults:4)
  4 rime drakes
  11 ice devils (IceCv)
  A spriggan skeleton (Depths:1)
  2 efreet
  A hellwing (Depths:2)
  2 ancient zymes (Abyss:4)
  37 merfolk
  3 red devils
  2 meliai (shapeshifter)
  A troll (shapeshifter) (WizLab)
  2 tengu conjurers
  7 trolls
  2 wind drakes
  7 polar bears (Lair:6)
  5 hornets
  15 snapping turtles
  11 slime creatures
  2 wind drakes (shapeshifter)
  2 hornets (shapeshifter)
  2 saltlings (Vaults:4)
  4 raiju
  8 dream sheep
  20 blink frogs
  2 snapping turtles (shapeshifter)
  A deep troll zombie (Depths:1)
  A stone giant simulacrum (Vaults:5)
  An ettin skeleton (Depths:1)
  4 air elementals
  2 frost giant simulacra
  2 shadows
  2 spriggans
  2 ynoxinuls
  11 wyverns
  15 small abominations
  19 water elementals
  23 yaks
  2 fire elementals
  2 vampires (Depths:4)
  A fire bat (Abyss:4)
  A fire bat (shapeshifter) (Depths:5)
  4 basilisks
  4 golden eyes (Abyss:3)
  Grum (D:9)
  A hog (shapeshifter) (WizLab)
  A yak (shapeshifter) (D:13)
  A basilisk (shapeshifter) (Vaults:2)
  A chaos spawn (Abyss:4)
  4 wraiths
  2 vampire mosquitoes (D:14)
  3 neqoxecs (Depths:2)
  A spatial vortex (Abyss:4)
  A warg (shapeshifter) (WizLab)
  Menkaure (D:6)
  A swamp worm (shapeshifter) (WizLab)
  8 wargs
  A swamp worm (D:8)
  62 nagas
  2 soldier ants (shapeshifter) (WizLab)
  5 floating eyes
  4 acid dragons
  11 water moccasins
  10 hell hounds
  A swamp drake (shapeshifter) (WizLab)
  A deep troll skeleton (Vaults:5)
  2 sky beasts
  14 orc warriors
  A black bear (shapeshifter) (Depths:1)
  11 black bears
  8 ice beasts
  A killer bee (D:9)
  A necrophage (D:9)
  A boggart (shapeshifter) (Vaults:4)
  An eye of draining (D:14)
  33 wolves
  An ogre (shapeshifter) (WizLab)
  19 ogres
  28 boggarts
  2 wolves (shapeshifter)
  18 centaurs
  A manticore skeleton (Abyss:4)
  A big kobold (shapeshifter) (WizLab)
  3 big kobolds
  A lemure (D:6)
  A bullfrog (shapeshifter) (Depths:5)
  Blork the orc (D:4)
  19 bullfrogs
  A glowing shapeshifter simulacrum (Depths:1)
  A deep troll simulacrum (Vaults:5)
  A wyvern skeleton (D:10)
  A hornet simulacrum (D:14)
  3 scorpions
  2 earth elementals (Elf:2)
  4 wights
  3 howler monkeys
  6 electric eels
  3 human simulacra
  5 starcursed masses (Abyss:4)
  4 bullfrog zombies
  11 orc priests
  A wyvern simulacrum (D:13)
  3 centaur skeletons
  2 draconian simulacra (IceCv)
  4 hounds
  5 jellies
  11 orc wizards
  A bullfrog skeleton (D:4)
  3 iguanas
  5 hell rats (Lair:5)
  3 spriggan simulacra (IceCv)
  7 worker ants
  A troll simulacrum (IceCv)
  A killer bee zombie (D:6)
  3 centaur simulacra
  A hound zombie (D:8)
  A spectral hound (Depths:4)
  An ogre skeleton (Abyss:3)
  A howler monkey zombie (D:8)
  A howler monkey skeleton (D:6)
  11 adders
  5 gnolls
  A naga simulacrum (IceCv)
  An ogre simulacrum (IceCv)
  A hound simulacrum (D:10)
  9 white imps
  2 ufetubi
  An ooze (D:2)
  2 adder skeletons (D:7)
  2 worms
  A dart slug (D:4)
  4 leopard geckos
  38 orcs
  5 ball pythons
  7 giant cockroaches
  6 goblins
  13 hobgoblins
  3 jackals (D:2)
  7 quokkas
  6 bats
  2 frilled lizards
  24 kobolds
  8 rats
  4 crawling corpses
  3 starspawn tentacles (Abyss:3)
  3 tentacles (Shoals:3)
1898 creatures vanquished.

Vanquished Creatures (collateral kills)
  2 Killer Klowns (Zot:5)
  A caustic shrike (Depths:5)
  An electric golem (Zot:5)
  4 tentacled monstrosities
  3 titans
  2 quicksilver dragons
  2 Orb Guardians (Zot:5)
  A sphinx (Vaults:4)
  4 storm dragons
  2 tengu reavers
  2 shadow dragons
  A death cob (Zot:5)
  A draconian monk (Zot:3)
  3 nagarajas
  A deep elf sorcerer (Elf:3)
  A draconian knight (Depths:5)
  2 fire giants
  3 frost giants (Vaults:4)
  3 iron dragons
  A draconian scorcher (Zot:3)
  6 vault wardens
  A deep elf elementalist (Vaults:5)
  5 ironheart preservers
  2 spriggan defenders (Depths:4)
  3 war gargoyles
  10 stone giants
  5 very ugly things
  An entropy weaver (Vaults:4)
  2 green draconians
  3 red draconians (Depths:5)
  2 deep elf demonologists (Elf:3)
  A spark wasp (Depths:5)
  A white draconian (Zot:3)
  A purple draconian (Depths:5)
  4 deep elf annihilators
  A yellow draconian (Zot:3)
  4 ettins
  An eleionoma (shapeshifter) (Depths:5)
  3 deep elf death magi
  4 fire dragons
  19 vault guards
  A deep elf high priest (Elf:3)
  2 great orbs of eyes (Vaults:4)
  11 yaktaur captains
  2 hydras
  6 naga warriors
  A boulder beetle (Vaults:4)
  A rakshasa (Depths:3)
  2 ice dragons
  2 anacondas (Snake:3)
  A death knight (Vaults:3)
  7 dancing weapons
  4 centaur warriors
  4 deep troll shamans
  Erica (Orc:1)
  3 tengu warriors
  11 two-headed ogres
  4 death yaks
  A deep troll earth mage (Depths:4)
  An ogre mage (Vaults:1)
  A vampire mage (Depths:4)
  An orc high priest (Zot:5)
  A soul eater (Depths:3)
  2 naga sharpshooters
  4 deep elf knights
  4 hell knights
  An iron troll (Depths:3)
  A sea snake (Snake:3)
  A glowing orange brain (Depths:2)
  11 deep trolls
  A deep troll (shapeshifter) (Vaults:4)
  2 lindwurms
  3 phantasmal warriors
  An orange crystal statue (Zot:5)
  A shadow dragon zombie (Vaults:4)
  2 deep elf archers
  6 ironbrand convokers
  A necromancer (Vaults:4)
  A wolf spider (Vaults:4)
  9 orc knights
  A salamander (shapeshifter) (Vaults:4)
  A salamander (Snake:3)
  7 deep elf magi
  2 cyclopes
  A human zombie (Vaults:5)
  2 moths of wrath (Zot:5)
  An orc sorcerer (Vaults:1)
  10 ugly things
  9 black mambas
  2 rust devils
  7 elephants (Lair:6)
  3 guardian serpents
  2 torpor snails
  10 vault sentinels
  5 cane toads
  A gargoyle (D:13)
  5 naga magi
  A cane toad (shapeshifter) (D:14)
  2 rime drakes
  7 komodo dragons
  A hellwing (Depths:2)
  16 yaktaurs
  A merfolk (Lair:3)
  A troll (Vaults:2)
  4 slime creatures
  2 polar bears (Lair:6)
  5 hornets
  A jumping spider (shapeshifter) (D:15)
  A tengu conjurer (Depths:3)
  6 blink frogs
  A raiju (Lair:6)
  A dream sheep (Lair:6)
  A fire giant simulacrum (Vaults:1)
  4 spriggans
  2 wraiths (Vaults:3)
  A ynoxinul (Depths:3)
  3 redbacks (Vaults:4)
  A water elemental (D:13)
  An ettin skeleton (Depths:1)
  A tarantella (shapeshifter) (Vaults:3)
  2 fire elementals
  7 basilisks
  A hog (shapeshifter) (Depths:3)
  13 yaks
  A neqoxec (Depths:2)
  5 wyverns
  A human (WizLab)
  4 wargs
  11 nagas
  An acid dragon (Vaults:1)
  2 water moccasins
  5 hell hounds (Lair:6)
  8 orc warriors
  5 ice beasts
  A sky beast (D:11)
  2 black bears (Lair:6)
  2 killer bees (D:9)
  3 boggarts
  7 wolves
  7 centaurs
  A phantom (D:11)
  2 ogres
  3 bullfrogs
  2 scorpions
  3 wights
  An electric eel (Lair:3)
  A bullfrog zombie (D:13)
  4 orc priests
  4 orc wizards
  A hell rat (Lair:5)
  A worker ant (D:14)
  A spectral hound (Depths:4)
  A hound zombie (D:5)
  2 gnolls (D:8)
  An adder (Depths:3)
  17 orcs
  2 ball pythons
  A goblin (D:12)
  A hobgoblin (D:12)
  2 crawling corpses (Elf:3)
510 creatures vanquished.

Vanquished Creatures (others)
  A draconian knight (Zot:5)
  12 orc warlords
  A ghost moth (shapeshifter) (Zot:5)
  An orc high priest (Orc:2)
  Nergalle (twice) (Orc:1 Vaults:1)
  21 orc knights
  A mana viper (Snake:2)
  2 deep elf magi (Elf:1)
  4 orc sorcerers
  21 orc warriors
  A hornet (Vaults:4)
  A yak (D:8)
  A small abomination (D:4)
  An ogre (Vaults:5)
  A bullfrog (shapeshifter) (Depths:1)
  A scorpion (D:5)
  A killer bee (D:9)
  A howler monkey (D:8)
  17 orc wizards
  17 orc priests
  A hound (D:8)
  An adder (D:5)
  A gnoll (D:8)
  67 orcs
  3 jackals (D:1)
  A rat (Zot:5)
  64 fungi
  143 plants
  6 starspawn tentacles (Abyss:3)
  5 tentacles (Shoals:3)
400 creatures vanquished.

Grand Total: 2808 creatures vanquished

Notes
Turn   | Place    | Note
-------+----------+-------------------------------------------
     0 | D:1      | Grijm the Hill Orc Artificer began the quest for the Orb.
     0 | D:1      | Reached XP level 1. HP: 16/16 MP: 1/1
    75 | D:1      | Reached XP level 2. HP: 4/24 MP: 2/2
  1160 | D:1      | Reached XP level 3. HP: 24/30 MP: 3/3
  2035 | D:2      | Reached XP level 4. HP: 33/38 MP: 4/4
  2745 | D:3      | Reached XP level 5. HP: 46/46 MP: 5/5
  3648 | D:4      | Noticed Blork the orc
  4011 | D:4      | Reached skill level 1 in Axes
  4136 | D:4      | Killed Blork the orc
  4137 | D:4      | Reached skill level 5 in Fighting
  4137 | D:4      | Reached skill level 5 in Evocations
  4137 | D:4      | Reached XP level 6. HP: 33/56 MP: 6/6
  4429 | D:4      | Found a hazy altar of Hepliaklqana.
  4437 | D:4      | Noticed a sky beast
  4470 | D:4      | Killed a sky beast
  4877 | D:4      | Reached XP level 7. HP: 37/62 MP: 7/7
  5188 | D:5      | Entered Level 5 of the Dungeon
  5994 | D:5      | Found a staircase to the Ecumenical Temple.
  6147 | D:6      | Reached skill level 5 in Axes
  6889 | D:6      | Reached XP level 8. HP: 58/73 MP: 8/8
  7193 | D:6      | Found Xujient's Jewellery Shop.
  7382 | D:6      | Noticed Menkaure
  7384 | D:6      | Killed Menkaure
  7701 | D:6      | Bought an uncursed ring of poison resistance for 240 gold
                  | pieces
  7886 | D:6      | Became a worshipper of Beogh the Brigand
  8297 | D:7      | Reached skill level 1 in Invocations
  8449 | D:7      | Noticed Pikel
  8474 | D:6      | Killed Pikel
  8475 | D:6      | Reached XP level 9. HP: 55/83 MP: 8/11
 10103 | D:8      | Reached * piety under Beogh
 10657 | D:8      | Reached skill level 5 in Invocations
 10665 | D:8      | Got a masterwork leather armour
 11248 | D:9      | Noticed Grum
 11260 | D:8      | Reached ** piety under Beogh
 11261 | D:8      | Reached skill level 10 in Fighting
 11261 | D:8      | Reached skill level 1 in Shields
 12285 | D:9      | Reached skill level 10 in Axes
 12458 | D:9      | Reached XP level 10. HP: 67/93 MP: 14/14
 12749 | D:9      | Killed Grum
 13123 | D:9      | Found a staircase to the Lair.
 13866 | D:9      | Found a white marble altar of Elyvilon.
 14131 | D:10     | Entered Level 10 of the Dungeon
 14673 | D:10     | Noticed a gargoyle
 14688 | D:10     | Killed a gargoyle
 14964 | D:10     | Reached *** piety under Beogh
 15497 | D:10     | Found a roughly hewn altar of Beogh.
 16031 | Lair:1   | Entered Level 1 of the Lair of Beasts
 16052 | Lair:1   | Noticed Sonja
 16053 | Lair:1   | Reached XP level 11. HP: 103/103 MP: 17/17
 16058 | Lair:1   | Killed Sonja
 16450 | Lair:1   | Reached skill level 10 in Invocations
 18593 | Lair:1   | Identified the +1 leather armour of the Bespelled Slorg
                  | {Rampage rElec} (You found it on level 8 of the Dungeon)
 18724 | D:6      | Bought an uncursed amulet of faith for 480 gold pieces
 20264 | Lair:2   | Reached XP level 12. HP: 85/115 MP: 20/20
 20666 | Lair:2   | Reached **** piety under Beogh
 20943 | Lair:3   | Found a frozen archway.
 20991 | Lair:3   | Gained Arbolt as an ally
 20999 | IceCv    | Entered an ice cave
 22905 | IceCv    | Reached skill level 5 in Armour
 23374 | Lair:3   | Found a staircase to the Snake Pit.
 23809 | Lair:3   | Found a staircase to the Shoals.
 24588 | Lair:4   | Noticed a four-headed hydra
 24591 | Lair:4   | Noticed a four-headed hydra
 24598 | Lair:4   | Killed a five-headed hydra
 24599 | Lair:4   | Killed a four-headed hydra
 25564 | Lair:5   | Noticed a death yak
 25564 | Lair:5   | Noticed a death yak
 25564 | Lair:5   | Noticed a death yak
 25564 | Lair:5   | Noticed a death yak
 25566 | Lair:5   | Noticed a death yak
 25715 | Lair:4   | Reached skill level 5 in Shields
 25715 | Lair:4   | Reached XP level 13. HP: 119/124 MP: 22/22
 25811 | Lair:5   | Found a dark tunnel.
 25823 | Volcano  | Entered a volcano
 25961 | Volcano  | Found a bloodstained altar of Trog.
 25968 | Volcano  | Noticed a red draconian
 26007 | Volcano  | Killed a red draconian
 26198 | Lair:5   | Noticed Snorg
 26210 | Lair:5   | Killed Snorg
 26808 | Lair:5   | Reached skill level 15 in Axes
 26943 | Lair:5   | Got an ichor-stained helmet
 26954 | Lair:5   | Identified the +0 helmet of Hiesiogu {rPois rF+ rC+ Str+2}
                  | (You found it on level 5 of the Lair of Beasts)
 27600 | Lair:5   | Found a runed translucent door.
 27679 | Lair:5   | Reached skill level 15 in Fighting
 28153 | Lair:5   | Reached XP level 14. HP: 48/135 MP: 17/24
 28421 | Lair:5   | Identified the Papyrus of Nocuous Ignition
 28448 | Lair:6   | Entered Level 6 of the Lair of Beasts
 29479 | Lair:6   | Reached ***** piety under Beogh
 29482 | Lair:6   | Gained Murdo as an ally
 29973 | Lair:6   | Reached skill level 15 in Invocations
 30115 | Lair:6   | Found a staircase to the Slime Pits.
 30115 | Lair:6   | Found a viscous altar of Jiyva.
 30531 | Lair:6   | Reached XP level 15. HP: 131/144 MP: 26/26
 30711 | Lair:6   | Reached skill level 10 in Shields
 31734 | D:11     | Found a portal to a secret trove of treasure.
 32237 | D:11     | Reached ****** piety under Beogh
 32627 | D:12     | Found a flagged portal.
 32632 | Bailey   | Entered a bailey
 33664 | D:12     | Found a staircase to the Orcish Mines.
 33705 | D:12     | Found a blossoming altar of Fedhas.
 35102 | D:13     | Found a runed translucent door.
 35102 | D:13     | Found a runed translucent door.
 35337 | D:13     | Found the +18 shield of the Gong {rElec rN+ MR+ EV-5}
 35369 | D:13     | Found a burning altar of Makhleb.
 35485 | Orc:1    | Entered Level 1 of the Orcish Mines
 35485 | Orc:1    | Noticed Nergalle
 35492 | Orc:1    | Your ally died
 35496 | Orc:1    | Noticed Erica
 35502 | Orc:1    | Killed Erica
 35616 | Orc:1    | Found Kopaduro's Distillery.
 35861 | Orc:2    | Entered Level 2 of the Orcish Mines
 35939 | Orc:2    | Noticed Donald
 35951 | Orc:2    | Killed Donald
 36116 | Orc:2    | Gained Hilgar as an ally
 36549 | Orc:2    | Found Uruebovi's Magic Scroll Emporium.
 36577 | Orc:2    | Found a staircase to the Elven Halls.
 36793 | Orc:2    | Noticed an orc warlord
 37148 | Orc:2    | Found Mifei's Antique Armour Emporium.
 37149 | Orc:2    | Found Cocaus Game's Antique Weapon Emporium.
 37150 | Orc:2    | Found Lyatymun's General Store.
 37150 | Orc:2    | Found Yropt's Jewellery Shoppe.
 37288 | Orc:1    | Noticed Gastronok
 37304 | Orc:1    | Killed Gastronok
 38184 | D:14     | Reached XP level 16. HP: 130/157 MP: 17/27
 38797 | D:14     | Found a gate to the Vaults.
 39480 | D:15     | Entered Level 15 of the Dungeon
 40320 | D:15     | Found a staircase to the Depths.
 40576 | Lair:3   | Upgraded the game from 0.26-a0-834-g69557b8 to
                  | 0.26-a0-835-g8259106
 40577 | Snake:1  | Entered Level 1 of the Snake Pit
 40986 | Snake:1  | Identified a scroll of acquirement
 41020 | Snake:1  | Acquired 691 gold pieces
 41342 | Snake:2  | Noticed a nagaraja
 41360 | Snake:2  | Killed a nagaraja
 42753 | Snake:2  | Found an opulent altar of Gozag.
 43026 | Snake:2  | Found Pakhluona's Jewellery Boutique.
 43028 | Snake:2  | Found Tuur's Gadget Emporium.
 43029 | Snake:2  | Found Tuvaus's Jewellery Boutique.
 43210 | Snake:2  | Reached XP level 17. HP: 140/168 MP: 28/28
 43407 | Snake:2  | Got a jewelled hat
 43418 | Snake:2  | Identified the cursed -2 hat of Bayhaud {rN++} (You found
                  | it on level 2 of the Snake Pit)
 43877 | Snake:3  | Found a shimmering altar of Xom.
 43944 | Snake:3  | Reached skill level 15 in Shields
 44032 | Snake:3  | Gained Milork as an ally
 44275 | Snake:3  | Found Lazus's Assorted Antiques.
 44275 | Snake:3  | Found Qotunef's Armour Shop.
 44276 | Snake:3  | Found Moqesiwaa's Antique Armour Shop.
 44280 | Snake:3  | Bought a pair of fine gloves for 342 gold pieces
 44291 | Snake:3  | Identified the cursed +0 pair of gloves "Weus" {Harm +Blink
                  | rN++ Str-5} (You bought it in a shop on level 3 of the
                  | Snake Pit)
 44303 | Snake:3  | Found Byodwu's Antique Weapon Boutique.
 44307 | Snake:3  | Bought a scroll of summoning for 323 gold pieces
 44307 | Snake:3  | Bought a faintly glowing scale mail for 306 gold pieces
 44321 | Snake:3  | Identified the cursed +1 scale mail "Winier" {Str+4} (You
                  | bought it in a shop on level 3 of the Snake Pit)
 44338 | Snake:3  | Bought an ancient broad axe for 207 gold pieces
 44343 | Snake:3  | Identified the +6 broad axe "Fauzxux" {protect, Fragile
                  | +Inv +Fly rF+} (You bought it in a shop on level 3 of the
                  | Snake Pit)
 44917 | Snake:4  | Entered Level 4 of the Snake Pit
 45283 | Snake:3  | Gained Horkud as an ally
 47358 | Snake:3  | Reached skill level 10 in Armour
 47554 | Snake:4  | Identified the +2 arbalest of Fedhas's Displeasure {freeze,
                  | MR- Str+5 Dex+7}
 47930 | Snake:3  | Found a shimmering altar of Xom.
 48041 | Snake:3  | Found Lazus's Assorted Antiques.
 48041 | Snake:3  | Found Qotunef's Armour Shop.
 48042 | Snake:3  | Found Moqesiwaa's Antique Armour Shop.
 48044 | Snake:3  | Found Byodwu's Antique Weapon Boutique.
 48554 | Snake:3  | Reached XP level 18. HP: 180/180 MP: 30/30
 49471 | Snake:3  | Gained Morun as an ally
 51266 | Snake:4  | Got a serpentine rune of Zot
 51761 | Vaults:1 | Entered Level 1 of the Vaults
 52042 | Vaults:1 | Your ally died
 52148 | Vaults:1 | Identified the +3 scimitar "Numadare" {elec, rF+ rN+ Str+4
                  | Stlth+}
 52197 | Vaults:1 | Your ally Murdo died
 52639 | Vaults:1 | Gained Ugbert as an ally
 52642 | Vaults:1 | Your ally Ugbert died
 52655 | Vaults:1 | Gained Bogdan as an ally
 53256 | Vaults:1 | Reached XP level 19. HP: 190/190 MP: 30/32
 54866 | Vaults:2 | Reached XP level 20. HP: 159/198 MP: 33/33
 56897 | Vaults:2 | Found Fashrurac's General Store.
 56900 | Vaults:2 | Bought a scroll of blinking for 135 gold pieces
 57960 | Vaults:3 | Gained Urtork as an ally
 58710 | Vaults:3 | Noticed a caustic shrike
 58710 | Vaults:3 | a shadow dragon changed into a caustic shrike
 58711 | Vaults:3 | a caustic shrike changed into a shadow dragon
 58750 | Vaults:3 | Found a staircase to the Crypt.
 58953 | Vaults:3 | Identified the cursed +1 robe "Dadelobu" {Regen+}
 59606 | Vaults:4 | Gained Bogwald as an ally
 59620 | Vaults:4 | Your ally Bogwald died
 60152 | Vaults:4 | Noticed Frederick
 60164 | Vaults:4 | Killed Frederick
 60853 | Vaults:4 | Reached XP level 21. HP: 207/209 MP: 35/35
 61320 | Vaults:4 | Gained Gorg as an ally
 61943 | Elf:1    | Entered Level 1 of the Elven Halls
 61961 | Elf:1    | Found a radiant altar of Vehumet.
 62274 | Elf:1    | Gained Wargath as an ally
 62471 | Elf:1    | Found Ykkigid's Weapon Boutique.
 62554 | Elf:1    | Found Esmaof's Weapon Shoppe.
 63721 | Elf:2    | Reached skill level 15 in Armour
 64073 | Elf:2    | Acquired 838 gold pieces
 64161 | Elf:2    | Found a runed translucent gate.
 64161 | Elf:2    | Found a runed translucent gate.
 64162 | Elf:2    | Found a runed translucent gate.
 65548 | Elf:3    | Entered Level 3 of the Elven Halls
 65577 | Elf:3    | Found a magical portal.
 65613 | WizLab   | Entered Cigotuvi's Fleshworks
 65657 | WizLab   | Your ally twisted died
 66046 | WizLab   | Got a twitching lapis lazuli ring
 66047 | WizLab   | Identified the ring of Kohapn {*Tele Dex+4} (You found it
                  | in a wizard's laboratory)
 66412 | WizLab   | Identified the Papyrus of Transmutation
 66414 | WizLab   | Identified Cigotuvi's Guide on Evil Transmutation
 66767 | Elf:3    | Reached XP level 22. HP: 210/221 MP: 36/36
 66982 | Elf:3    | Noticed Mara
 66985 | Elf:3    | Noticed Grijm's illusion
 66987 | Elf:3    | Killed Mara
 67250 | Elf:3    | Identified the ring "Gemunaw" {rPois rC+ Str+2 Stlth+}
 67513 | Elf:3    | Gained Boderik as an ally
 67922 | Elf:3    | Identified the +2 glaive of the Beast {freeze, rF+ SInv
                  | Stlth-}
 67937 | Elf:3    | Identified the ring "Osasar" {rF+ rC+ rN+ Stlth-}
 67964 | Elf:3    | Your ally Boderik died
 69030 | Elf:3    | Found the +2 hat of the Bear Spirit {Spirit, +Rage rN+
                  | MR++}
 69065 | Elf:3    | Identified the Incunabulum of Poisoning and the Snowflakes
 69738 | Depths:1 | Entered Level 1 of the Depths
 69766 | Depths:1 | Gained Worak as an ally
 70641 | Depths:1 | Found a gateway to Hell.
 71176 | Depths:1 | Found a runed translucent gate.
 71176 | Depths:1 | Found a runed translucent gate.
 71179 | Depths:1 | Found a runed translucent gate.
 71450 | Depths:1 | Found a runed translucent gate.
 71450 | Depths:1 | Found a runed translucent gate.
 71453 | Depths:1 | Found a runed translucent gate.
 71453 | Depths:1 | Noticed Dinuiq Eptyr's ghost (adept HaBr)
 71749 | Depths:2 | Noticed the Enchantress
 71765 | Depths:1 | Cast into level 3 of the Abyss (the Enchantress)
 71769 | Abyss:3  | Found a corrupted altar of Lugonu.
 71960 | Abyss:4  | Reached XP level 23. HP: 219/232 MP: 38/38
 72279 | Depths:1 | Escaped the Abyss
 72705 | Depths:1 | Killed the Enchantress
 73474 | Depths:2 | Acquired a +3 antimagic broad axe
 73497 | Depths:2 | Acquired 386 gold pieces
 73498 | Depths:2 | Acquired 685 gold pieces
 74502 | Depths:2 | Acquired 1213 gold pieces
 74958 | Depths:3 | Gained Bogfrid as an ally
 75322 | Depths:3 | Paralysed by a vampire knight for 5 turns
 76402 | Depths:3 | Found a one-way gate leading to the halls of Pandemonium.
 76486 | Depths:3 | Reached XP level 24. HP: 201/243 MP: 39/39
 78343 | Depths:4 | Found a gateway to a ziggurat.
 79048 | Depths:4 | Found a one-way gate to the infinite horrors of the Abyss.
 79190 | Depths:4 | Found a bloodstained altar of Trog.
 79476 | Depths:4 | Found an ancient bone altar of Kikubaaqudgha.
 79661 | Depths:4 | Found The Legendary Tokinkuj's Legendary Smithy.
 79708 | Depths:4 | Found Bodabiag's General Store.
 79720 | Depths:4 | Bought a potion of curing for 54 gold pieces
 79720 | Depths:4 | Bought 4 curare-tipped darts for 43 gold pieces
 79720 | Depths:4 | Bought a potion of invisibility for 144 gold pieces
 79720 | Depths:4 | Bought 2 potions of might for 144 gold pieces
 79851 | Depths:4 | Found a glowing silver altar of Zin.
 79949 | Depths:4 | Found Toskylol's Miraculous Elixirs.
 80053 | Depths:4 | Bought a potion of mutation for 400 gold pieces
 80053 | Depths:4 | Bought a potion of mutation for 400 gold pieces
 80053 | Depths:4 | Bought a potion of mutation for 400 gold pieces
 80053 | Depths:4 | Bought a potion of mutation for 400 gold pieces
 80053 | Depths:4 | Bought a potion of mutation for 400 gold pieces
 80053 | Depths:4 | Bought a potion of mutation for 400 gold pieces
 80053 | Depths:4 | Bought a potion of mutation for 400 gold pieces
 80053 | Depths:4 | Bought a potion of mutation for 400 gold pieces
 80053 | Depths:4 | Bought a potion of mutation for 400 gold pieces
 80053 | Depths:4 | Bought a potion of mutation for 400 gold pieces
 80121 | Depths:5 | Entered Level 5 of the Depths
 80136 | Depths:5 | Gained Ugbert as an ally
 80282 | Depths:5 | Noticed a caustic shrike
 80282 | Depths:5 | Noticed a caustic shrike
 80282 | Depths:5 | Noticed a caustic shrike
 80282 | Depths:5 | Noticed a caustic shrike
 80282 | Depths:5 | Noticed a caustic shrike
 80283 | Depths:5 | Noticed a caustic shrike
 80285 | Depths:5 | Noticed a caustic shrike
 80286 | Depths:5 | Killed a caustic shrike
 80294 | Depths:5 | Killed a caustic shrike
 80294 | Depths:5 | Killed a caustic shrike
 80296 | Depths:5 | Killed a caustic shrike
 80296 | Depths:5 | Killed a caustic shrike
 80297 | Depths:5 | Killed a caustic shrike
 80297 | Depths:5 | Killed a caustic shrike
 80515 | Depths:5 | Found a gate to the Realm of Zot.
 80538 | Depths:5 | Reached XP level 25. HP: 193/255 MP: 39/39
 81033 | Depths:5 | Found a shimmering altar of Xom.
 82822 | Vaults:5 | Entered Level 5 of the Vaults
 84285 | Vaults:5 | Identified the +7 rapier of Precise Incision {protect,
                  | *Rage rPois rF- Int+7}
 84457 | Vaults:5 | Identified the +9 short sword "Zoxaorchey" {holy, rC+}
 84959 | Vaults:5 | Your ally Wargath died
 84961 | Vaults:5 | Reached skill level 27 in Fighting
 85231 | Vaults:5 | Found Nopaicac's Distillery.
 85235 | Vaults:5 | Bought a potion of heal wounds for 95 gold pieces
 85235 | Vaults:5 | Bought 2 potions of invisibility for 304 gold pieces
 85235 | Vaults:5 | Bought a potion of curing for 57 gold pieces
 85235 | Vaults:5 | Bought a potion of might for 76 gold pieces
 85235 | Vaults:5 | Bought 2 potions of curing for 114 gold pieces
 85235 | Vaults:5 | Bought a potion of resistance for 190 gold pieces
 85235 | Vaults:5 | Bought a potion of curing for 57 gold pieces
 85235 | Vaults:5 | Bought a potion of heal wounds for 95 gold pieces
 85620 | Vaults:5 | Found Yrakkaom's Magic Scroll Shoppe.
 85622 | Vaults:5 | Gained Geork as an ally
 85628 | Vaults:5 | Bought 3 scrolls of enchant armour for 517 gold pieces
 85628 | Vaults:5 | Bought a scroll of fear for 80 gold pieces
 85628 | Vaults:5 | Bought a scroll of magic mapping for 80 gold pieces
 85697 | Vaults:5 | Found Agohoeck's Distillery.
 85701 | Vaults:5 | Bought a potion of curing for 57 gold pieces
 85701 | Vaults:5 | Bought a potion of resistance for 190 gold pieces
 85701 | Vaults:5 | Bought a potion of curing for 57 gold pieces
 85701 | Vaults:5 | Bought a potion of might for 76 gold pieces
 85701 | Vaults:5 | Bought a potion of cancellation for 152 gold pieces
 85701 | Vaults:5 | Bought a potion of resistance for 190 gold pieces
 85701 | Vaults:5 | Bought a potion of heal wounds for 95 gold pieces
 85701 | Vaults:5 | Bought a potion of curing for 57 gold pieces
 85701 | Vaults:5 | Bought a potion of heal wounds for 95 gold pieces
 86025 | Vaults:5 | Identified the amulet "Bemmum" {Acrobat +Fly rPois rC-
                  | rN++} (You found it on level 5 of the Vaults)
 86029 | Vaults:5 | Identified the +6 plate armour of the Falcon {rC+ Int+4}
                  | (You found it on level 5 of the Vaults)
 86588 | Vaults:5 | Identified a +1 pair of boots of running (You found it on
                  | level 5 of the Vaults)
 86759 | Vaults:5 | Got a silver rune of Zot
 87947 | Shoals:1 | Entered Level 1 of the Shoals
 87961 | Shoals:1 | Reached XP level 26. HP: 256/266 MP: 40/40
 88881 | Shoals:2 | Noticed Polyphemus
 88898 | Shoals:2 | Noticed Jorgrun
 88905 | Shoals:2 | Killed Polyphemus
 88921 | Shoals:2 | Killed Jorgrun
 88926 | Shoals:2 | Reached skill level 27 in Invocations
 90620 | Shoals:4 | Entered Level 4 of the Shoals
 91409 | Shoals:4 | Got a barnacled rune of Zot
 91948 | Zot:1    | Entered Level 1 of the Realm of Zot
 92106 | Zot:4    | Acquired 955 gold pieces
 92163 | Zot:3    | Your ally Arbolt died
 92942 | Zot:3    | Your ally Bogfrid died
 92963 | Zot:3    | Reached XP level 27. HP: 270/273 MP: 40/40
 93276 | Zot:3    | Your ally Morun died
 94267 | Zot:5    | Entered Level 5 of the Realm of Zot
 98308 | Zot:5    | Noticed an ancient lich
 98356 | Zot:5    | Killed an ancient lich
 98527 | Zot:5    | Noticed an orb of fire
 98528 | Zot:5    | Noticed an orb of fire
 98528 | Zot:5    | Noticed an orb of fire
 98528 | Zot:5    | Noticed an ancient lich
 98532 | Zot:5    | Gained mutation: Your magical capacity is low. (-10% MP)
                  | [an orb of fire]
 98532 | Zot:5    | Your ally Urtork died
 98533 | Zot:5    | Gained mutation: You are dopey. (Int -2) [an orb of fire]
 98533 | Zot:5    | Your ally grotesque died
 98536 | Zot:5    | Your ally Horkud died
 98541 | Zot:5    | Gained mutation: Your body sometimes deteriorates upon
                  | taking damage. [an orb of fire]
 98545 | Zot:5    | Your ally Ugbert died
 98546 | Zot:5    | Killed an orb of fire
 98546 | Zot:5    | Gained Learuk as an ally
 98547 | Zot:5    | Reached skill level 27 in Armour
 98547 | Zot:5    | Reached skill level 1 in Dodging
 98548 | Zot:5    | Your ally Hilgar died
 98553 | Zot:5    | Your ally Bogdan died
 98554 | Zot:5    | Killed an orb of fire
 98554 | Zot:5    | Gained Arkwar as an ally
 98556 | Zot:5    | Your ally Worak died
 98561 | Zot:5    | Your ally Learuk died
 98564 | Zot:5    | Your ally Arkwar died
 98574 | Zot:5    | Gained mutation: You are frail. (-10% HP) [an orb of fire]
 98575 | Zot:5    | Killed an orb of fire
 98576 | Zot:5    | Reached skill level 5 in Dodging
 98576 | Zot:5    | Noticed an orb of fire
 98576 | Zot:5    | Your ally Geork died
 98577 | Zot:5    | Your ally Gorg died
 98620 | Zot:5    | Noticed an ancient lich
 98620 | Zot:5    | Your ally Milork died
 98622 | Zot:5    | Killed an orb of fire
 98638 | Zot:5    | Killed an ancient lich
 98674 | Zot:5    | Killed an ancient lich
 99278 | Zot:5    | Reached skill level 10 in Dodging
100018 | Zot:5    | Noticed an ancient lich
100033 | Zot:5    | Killed an ancient lich
100410 | Zot:5    | Lost mutation: Your body sometimes deteriorates upon taking
                  | damage. [potion of mutation]
100410 | Zot:5    | Lost mutation: Your magical capacity is low. (-10% MP)
                  | [potion of mutation]
100410 | Zot:5    | Gained mutation: You have large cloven feet. [potion of
                  | mutation]
100410 | Zot:5    | Gained mutation: Your muscles are strong. (Str +2) [potion
                  | of mutation]
100410 | Zot:5    | Gained mutation: You expend magic power (3 MP) to
                  | strengthen your wands. [potion of mutation]
100411 | Zot:5    | Lost mutation: You have large cloven feet. [potion of
                  | mutation]
100411 | Zot:5    | Lost mutation: You are frail. (-10% HP) [potion of
                  | mutation]
100411 | Zot:5    | Lost mutation: You are dopey. (Int -2) [potion of mutation]
100411 | Zot:5    | Lost mutation: Your muscles are strong. (Str +2) [potion of
                  | mutation]
100411 | Zot:5    | Gained mutation: You are frail. (-10% HP) [potion of
                  | mutation]
100411 | Zot:5    | Gained mutation: You have a pair of small antennae on your
                  | head. [potion of mutation]
100411 | Zot:5    | Gained mutation: You do not regenerate when monsters are
                  | visible. [potion of mutation]
100411 | Zot:5    | Gained mutation: You passively map a small area around you.
                  | [potion of mutation]
100412 | Zot:5    | Lost mutation: You have a pair of small antennae on your
                  | head. [potion of mutation]
100412 | Zot:5    | Lost mutation: You are frail. (-10% HP) [potion of
                  | mutation]
100412 | Zot:5    | Lost mutation: You do not regenerate when monsters are
                  | visible. [potion of mutation]
100412 | Zot:5    | Gained mutation: You are occasionally teleported next to
                  | monsters. [potion of mutation]
100412 | Zot:5    | Gained mutation: Your movements are slightly less
                  | encumbered by armour. (ER -2) [potion of mutation]
100413 | Zot:5    | Lost mutation: You expend magic power (3 MP) to strengthen
                  | your wands. [potion of mutation]
100413 | Zot:5    | Lost mutation: You passively map a small area around you.
                  | [potion of mutation]
100413 | Zot:5    | Gained mutation: You are frail. (-10% HP) [potion of
                  | mutation]
100413 | Zot:5    | Gained mutation: You have a pair of small horns on your
                  | head. [potion of mutation]
100414 | Zot:5    | Lost mutation: You are frail. (-10% HP) [potion of
                  | mutation]
100414 | Zot:5    | Lost mutation: Your movements are slightly less encumbered
                  | by armour. (ER -2) [potion of mutation]
100414 | Zot:5    | Gained mutation: Scrolls take you a little longer to read.
                  | [potion of mutation]
100414 | Zot:5    | Gained mutation: You possess an exceptional clarity of
                  | mind. [potion of mutation]
100415 | Zot:5    | Lost mutation: You have a pair of small horns on your head.
                  | [potion of mutation]
100415 | Zot:5    | Gained mutation: Your flesh is cold resistant. (rC+)
                  | [potion of mutation]
100415 | Zot:5    | Gained mutation: Your mind is acute. (Int +2) [potion of
                  | mutation]
100416 | Zot:5    | Lost mutation: Scrolls take you a little longer to read.
                  | [potion of mutation]
100416 | Zot:5    | Lost mutation: Your mind is acute. (Int +2) [potion of
                  | mutation]
100416 | Zot:5    | Lost mutation: You possess an exceptional clarity of mind.
                  | [potion of mutation]
100416 | Zot:5    | Gained mutation: You possess an exceptional clarity of
                  | mind. [potion of mutation]
100416 | Zot:5    | Gained mutation: You have a pair of small horns on your
                  | head. [potion of mutation]
100416 | Zot:5    | Gained mutation: Your natural rate of healing is unusually
                  | fast. [potion of mutation]
100417 | Zot:5    | Lost mutation: You possess an exceptional clarity of mind.
                  | [potion of mutation]
100417 | Zot:5    | Lost mutation: You are occasionally teleported next to
                  | monsters. [potion of mutation]
100417 | Zot:5    | Lost mutation: You have a pair of small horns on your head.
                  | [potion of mutation]
100417 | Zot:5    | Gained mutation: You are partially covered in icy blue
                  | scales. (AC +2) [potion of mutation]
100417 | Zot:5    | Lost mutation: Your flesh is cold resistant. (rC+) [potion
                  | of mutation]
100417 | Zot:5    | Gained mutation: Your mind is acute. (Int +2) [potion of
                  | mutation]
100417 | Zot:5    | Gained mutation: Your system is resistant to poisons.
                  | (rPois) [potion of mutation]
100741 | Zot:5    | Got the Orb of Zot
100870 | Zot:3    | Noticed Fokhlenk the pandemonium lord
101234 | D:4      | Noticed Tivadyet the pandemonium lord
101249 | D:4      | Killed Tivadyet the pandemonium lord
101335 | D:$      | Escaped with the Orb!

Illustrated notes

Levels and vault maps discovered:
D:1:      dpeg_arrival_pits, layout_basic, minmay_vboxes
D:2:      layout_rooms
D:3:      layout_loops_corners
D:4:      layout_basic, grunt_temple_overflow_open, grunt_decor_fettered,
          grunt_ministairs_2, st_stairs_5, lemuel_flame_loot_1,
          uniq_blork_the_orc, uniq_duvessa
D:5:      minmay_thinvault, layout_basic, minmay_overflow_temple_star_quad,
          minmay_temple_entry_mist, uniq_edmund
D:6:      layout_loops_corners, kennysheep_windowed_goal, uniq_menkaure
D:7:      layout_layer_cave, uniq_pikel
D:8:      layout_loops_ring, worms_lemuel
D:9:      layout_rooms, lair_entry_dummy, elyvilon_altar_3, uniq_grum
D:10:     layout_loops_cross, special_room [special_room_orc], serial_ice,
          serial_ice_g, serial_ice_n, serial_ice_k, serial_ice_d, serial_ice_a,
          serial_ice_b, serial_ice_f
D:11:     cheibrodos_elevator_heist, layout_irregular_city,
          nicolae_trove_entry_isolated
D:12:     layout_loops_ring, orc_0_dummy, enter_bailey_4, fedhas_altar_3
D:13:     minmay_the_grid_triangle_9x9_recursive_2_mashed
          [minmay_the_grid_triangle_9x9_prize_center,
          minmay_the_grid_triangle_9x9_corruption,
          minmay_the_grid_triangle_9x9_shrine,
          minmay_the_grid_triangle_9x9_tough_junction], layout_basic,
          gauntlet_entry_generic, kb_tengu_band
D:14:     layout_cross, lightli_vaults_fourway_checkpoint, nrook_mini_backslash,
          minmay_misc_feat_iff
D:15:     hangedman_depths_entry_try_elsewhere_first, layout_irregular_city,
          serial_glass, glass_columns_a, glass_columns_a, glass_columns_a,
          glass_columns_b
Lair:1:   layout_regular_city, uniq_sonja
Lair:2:   layout_cave_pods, grunt_megastairs_5, infiniplex_staircase_pool
Lair:3:   layout_regular_city, elwin_shoals_entry_rooms,
          guppyfry_snake_entry_island, portal_ice_cave_entry_ice_beasts,
          kennysheep_catoblepas_arena
Lair:4:   layout_big_grid
Lair:5:   layout_roguey [special_room_mythical_zoo], enter_volcano_3,
          pf_torpor_hydra, uniq_snorg
Lair:6:   hangedman_lair_in_review, layout_long_grid,
          hangedman_lair_caniforms_friends, slime_altar_1, grunt_megastairs_2
Shoals:1: layout_shoals
Shoals:2: layout_shoals, uniq_polyphemus, uniq_jorgrun
Shoals:3: cheibrodos_shoals_epimethial_gifts, layout_shoals
Shoals:4: shoals_end_simple, layout_shoals
Snake:1:  layout_rooms
Snake:2:  layout_gridlike, basic_altar, minmay_shop_grove
Snake:3:  skrybe_snakes_to_sticks, layout_gridlike, nrook_loot_triangle,
          grunt_megastairs_1, serial_bayou_shore_a, minmay_shoptagon,
          lemuel_fruit_tree
Snake:4:  grunt_snake_rune_pools, layout_cave_town
Orc:1:    layout_caves, serial_shops, shop_coins, nicolae_orc_damp_corner,
          uniq_nergalle, uniq_erica, uniq_gastronok
Orc:2:    st_orc_congregation, layout_caves, serial_shops, shop, uniq_donald
Elf:1:    eino_elf_arrival_altar, layout_gridlike, serial_shops,
          nicolae_shop_crystal, shop, hangedman_elf_disciples
Elf:2:    layout_onion_city
Elf:3:    minmay_elf_hall_not_hex, layout_gridlike,
          infiniplex_enter_wizlab_glasses, uniq_mara
Vaults:1: hangedman_vaults_unwind, vaults_room_corners, ontoclasm_vaults_hangar,
          vaults_room_grunt_arrival_ludios, nicolae_vaults_network_periphery,
          vaults_room_hallway, st_quartered_hall, vaults_room_ringed_pool,
          v_alt_pattern_6, nicolae_vaults_circle_grid_a, v_rooms_1,
          vaults_room_pools, nicolae_vaults_little_squares_5, vaults_room_pool,
          layout_vaults_omnibox
Vaults:2: vaults_room_semicircle, grunt_vaults_hallway_short, st_hourglassy,
          v_misc_1, nicolae_vaults_big_ls, vaults_mumra_chevron_long,
          nicolae_vaults_sealed_display, nicolae_vaults_shelves_hall,
          nicolae_vaults_rhombus_6, vaults_room_fours, ontoclasm_vaults_fault,
          layout_vaults_ring, serial_shops, nicolae_shop_behind_doors
Vaults:3: v_misc_18, v_pattern_1, blue_anna_dwarven_crypt,
          nicolae_vaults_border_crossing, vaults_mumra_chevron,
          nicolae_vaults_little_squares_4, vaults_mumra_hexcomb,
          ontoclasm_vaults_tryst, v_misc_13, dpeg_vaults_waves,
          vaults_room_fours, vaults_room_hallway, nicolae_vaults_shelves_hall,
          nicolae_vaults_angled_halls, v_rooms_2, layout_vaults_maze_bifur
Vaults:4: nicolae_vaults_triangles, v_misc_33, st_more_cells, v_misc_1,
          v_misc_10, v_misc_1, nicolae_vaults_little_squares_4,
          ontoclasm_vaults_chip, layout_vaults_chaotic_city,
          portal_desolation_entry_nicolae_nacl, uniq_frederick
Vaults:5
Depths:1: layout_roguey, hell_entry,
          ploomutoo_gammafunk_ghost_potion_laboratory, kennysheep_nondescript,
          hangedman_decor_push, nicolae_two_hexagons, minmay_librarian
Depths:2: kennysheep_demon_jail, layout_gridville,
          serial_sigils_hangedman_carve, serial_sigils,
          serial_sigils_hangedman_shear, serial_sigils_hangedman_scratch,
          serial_sigils_hangedman_gut, serial_sigils_hangedman_shear,
          serial_sigils_hangedman_stare, pf_hell_entry_great_geh,
          uniq_enchantress
Depths:3: kennysheep_bubbly, layout_basic, grunt_mini_vestibule, moated_statue,
          rand_demon_pan_entry_1, minmay_serpent_palace
Depths:4: grated_community_mu [grated_community_mu_vampire_home,
          grated_community_mu_giant_home, grated_community_mu_spellcaster_home,
          grated_community_mu_orcish_home, grated_community_mu_troll_home,
          grated_community_mu_taur_home, grated_community_mu_unbuilt_plot],
          layout_basic, enter_ziggurat_e, hell_entry, minmay_misc_feat_tower,
          abyss_entry
Depths:5: grunt_x_marks_the_spot, layout_gridlike, chequers_serial_rivers_marsh,
          abyss_entry, grunt_hell_entry_dis_old, xom_teletrap_fun
Zot:1:    layout_concentric_octagons
Zot:2:    layout_basic
Zot:3:    layout_onion
Zot:4:    layout_basic
Zot:5:    layout_gridlike, nicolae_zot_crop_circle

Skill      XL: |  1  2  3  4  5  6  7  8  9 10 11 12 13 14 15 16 17 18 19 20 21 22 23 24 25 26 27 |
---------------+----------------------------------------------------------------------------------+-----
Fighting       | 2 3 4 5 7 9 10 11 13 14 15 16 17 19 20 21 22 23 24 25 26 27 | 27.0
Evocations     | 4 5 |  5.0
Axes           | 2 3 6 8 10 11 13 14 15 16 18 | 18.0
Invocations    | 3 6 9 11 12 14 15 16 18 20 21 23 24 25 26 27 | 27.0
Shields        | 2 4 5 7 9 12 14 15 | 15.0
Armour         | 3 6 8 10 12 14 15 17 18 20 21 24 27 | 27.0
Dodging        | 13 | 13.1
Stealth        | |  0.7

Action                   |  1- 3 |  4- 6 |  7- 9 | 10-12 | 13-15 | 16-18 | 19-21 | 22-24 | 25-27 || total
-------------------------+-------+-------+-------+-------+-------+-------+-------+-------+-------++-------
Melee: Club              |    65 |       |       |       |       |       |       |       |       ||    65
       Dagger            |   131 |    97 |       |       |       |       |       |       |       ||   228
       Hand axe          |       |    39 |       |       |       |       |       |       |       ||    39
       Flail             |       |    34 |       |       |       |       |       |       |       ||    34
       War axe           |       |    38 |   418 |    69 |       |       |       |       |       ||   525
       Broad axe         |       |       |       |   482 |   898 |   850 |   876 |  1172 |  1554 ||  5832
Throw: Stone             |     2 |    56 |    19 |       |       |       |       |       |       ||    77
       Dart              |       |       |    12 |    20 |       |       |       |       |       ||    32
       Javelin           |       |       |       |     2 |     1 |       |       |       |       ||     3
       Throwing net      |       |       |       |       |       |       |       |       |     1 ||     1
Invok: Convert to Beogh  |       |       |     1 |       |       |       |       |       |       ||     1
       Smiting           |       |       |       |     7 |    28 |    28 |    14 |    40 |    62 ||   179
       Recall Orcish Fol |       |       |       |       |     6 |     8 |     7 |     8 |    13 ||    42
       Give Item to Name |       |       |       |       |     4 |     4 |     3 |     4 |     2 ||    17
       Resurrection      |       |       |       |       |     1 |       |       |       |       ||     1
       Stop Recall       |       |       |       |       |       |     2 |     4 |     5 |     3 ||    14
Evoke: Wand              |    11 |    16 |    20 |    24 |    15 |       |     1 |     7 |     3 ||    97
       Condenser vane    |       |       |       |       |       |       |       |     4 |     3 ||     7
       Box of beasts     |       |       |       |       |       |       |       |     1 |       ||     1
       Phantom mirror    |       |       |       |       |       |       |       |       |     1 ||     1
  Use: Scroll            |       |     5 |     4 |    24 |     9 |    13 |     8 |    18 |    26 ||   107
       Potion            |       |       |     1 |     2 |     1 |     1 |     2 |     3 |    33 ||    43
 Stab: Paralysed         |       |       |       |     2 |     1 |     2 |     4 |       |       ||     9
       Distracted        |       |       |       |     3 |     8 |    11 |    11 |    15 |    23 ||    71
       Invisible         |       |       |       |       |     4 |       |       |       |     1 ||     5
       Petrified         |       |       |       |       |     6 |       |       |       |     1 ||     7
       Petrifying        |       |       |       |       |     1 |       |       |       |       ||     1
       Confused          |       |       |       |       |       |       |       |       |     6 ||     6
Armor: Leather armour    |    35 |       |       |       |       |       |       |       |       ||    35
       Scale mail        |    76 |    98 |   186 |    65 |       |       |       |       |       ||   425
       Chain mail        |       |       |       |    89 |       |       |       |       |       ||    89
       Plate armour      |       |       |       |    28 |   322 |   212 |   186 |   406 |   959 ||  2113
Dodge: Dodged            |   136 |   106 |   215 |   151 |    74 |    30 |    27 |    51 |   172 ||   962
Block: Buckler           |       |       |    29 |   127 |    19 |       |       |       |       ||   175
       Tower shield      |       |       |       |    59 |   812 |       |       |       |       ||   871
       Kite shield       |       |       |       |       |   180 |  1170 |   844 |  1358 |  2320 ||  5872

Table legend: (Time is in decaauts)
 A = Elapsed time spent in this place.
 B = Non-inter-level travel time spent in this place.
 C = Inter-level travel time spent in this place.
 D = Time resting spent in this place.
 E = Time spent auto-exploring this place.
 F = Levels seen in this place.
 G = Mean time per level.
                   A        B        C        D        E       F      G
               +--------+--------+--------+--------+--------+-----+--------+
         Total | 100359 |  93767 |   6592 |  45466 |  26907 |  55 | 1824.7 |
       Dungeon |  24241 |  22065 |   2176 |  10001 |   7521 |  15 | 1616.1 |
          Lair |  13758 |  12670 |   1088 |   6394 |   3615 |   6 | 2293.0 |
        Shoals |   2659 |   2606 |     53 |   1690 |      0 |   4 |  664.8 |
     Snake Pit |  10507 |  10058 |    449 |   5038 |   2502 |   4 | 2626.8 |
  Orcish Mines |   2469 |   2204 |    265 |    843 |    878 |   2 | 1234.5 |
   Elven Halls |   6338 |   5926 |    412 |   2629 |   1798 |   3 | 2112.7 |
        Vaults |  14504 |  13690 |    814 |   6509 |   4450 |   5 | 2900.8 |
        Depths |  12398 |  11377 |   1021 |   5042 |   3600 |   5 | 2479.6 |
           Zot |   8463 |   8152 |    311 |   4273 |   2217 |   5 | 1692.6 |
         Abyss |    482 |    482 |      0 |    145 |     82 |   2 |  241.0 |
        Bailey |    744 |    744 |      0 |    541 |      0 |   1 |  744.0 |
      Ice Cave |   2362 |   2362 |      0 |   1781 |     90 |   1 | 2362.0 |
       Volcano |    364 |    364 |      0 |    179 |      0 |   1 |  364.0 |
        Wizlab |   1063 |   1063 |      0 |    399 |    152 |   1 | 1063.0 |
               +--------+--------+--------+--------+--------+-----+--------+

Top non-repeatable levels by time:
 Snake:3: 4940 daAuts
Vaults:4: 4095 daAuts
Vaults:2: 3395 daAuts
Depths:1: 3370 daAuts
   Zot:5: 3069 daAuts
  Lair:1: 2933 daAuts
  Lair:6: 2828 daAuts
 Snake:4: 2731 daAuts
  Lair:5: 2683 daAuts
Vaults:1: 2671 daAuts
Depths:3: 2635 daAuts
     D:8: 2588 daAuts
   Elf:2: 2562 daAuts
Depths:5: 2520 daAuts
     D:6: 2366 daAuts
